 Dungeon Sprint DCSS version 0.16-a0-3841-g2612308 (console) character file.

10572 Monkaria the Axe Maniac (level 11, -8/114 HPs)
             Began as a Hill Orc Fighter on Jan 30, 2015.
             Mangled by an ushabti (10 damage)
             ... in the Dungeon (Sprint V: "Ziggurat Sprint").
             The game lasted 00:16:52 (1076 turns).

Monkaria the Axe Maniac (Hill Orc Fighter)          Turns: 1076, Time: 00:16:53

Health: -8/114     AC: 20    Str: 38    XL:     11   Next: 64%
Magic:  11/11      EV:  6    Int:  8    God:
Gold:   0          SH:  0    Dex: 10    Spells: 0 memorised, 10 levels left

rFire  + . .     SeeInvis +     S - +14 obsidian axe {chop, +Fly Str+3 SInv Curse}
rCold  + . .     Clarity  .     N - +5 gold dragon armour
rNeg   . . .     SustAb   .     (no shield)
rPois  +         Gourm    .     (no helmet)
rElec  .         Spirit   .     (no cloak)
rCorr  .         Warding  .     (no gloves)
rMut   .         NoTele   +     (no boots)
MR     .....                    p - amulet of regeneration
Stlth  ..........               F - +6 ring of strength (curse)
                                E - +6 ring of strength

@: mesmerised, slowed, studying 2 skills, drained, very slow, not resistant to
hostile enchantments, extremely unstealthy
A: no striking features
a: Evoke Flight


You were in the Dungeon.
You were not hungry.

You visited 1 branch

Inventory:

Hand weapons
 P - a +5 executioner's axe of flaming
 Q - the +15 heavy crossbow "Sniper" {velocity, SInv}
   (You found it in the Dungeon)

   Any bolt fired from it inflicts extra damage.
   It enhances your eyesight.
 S - the +14 obsidian axe (weapon) {chop, +Fly Str+3 SInv Curse}
   (You found it in the Dungeon)

   It inflicts extra damage upon your enemies.
   It affects your strength (+3).
   It enhances your eyesight.
   It lets you fly.
   It may recurse itself when equipped.
 W - the +0 Sword of Power
   (You found it in the Dungeon)
 X - the +14 plutonium sword {Contam Stlth-}
   (You found it in the Dungeon)

   It causes magical contamination when unequipped.
   It makes you less stealthy.
Missiles
 O - 1000 bolts
Armour
 a - a +5 crystal plate armour
 N - a +5 gold dragon armour (worn)
 T - the +15 Maxwell's patent armour {-Cast -Tele rElec MR+ rCorr}
   (You found it in the Dungeon)

   It insulates you from electricity.
   It affects your resistance to hostile enchantments.
   It prevents spellcasting.
   It prevents most forms of teleportation.
   It protects you from acid and corrosion.
 U - the +18 shield of the gong {rElec rN+ MR+ EV-5}
   (You found it in the Dungeon)

   It affects your evasion (-5).
   It insulates you from electricity.
   It protects you from negative energy.
   It affects your resistance to hostile enchantments.
Jewellery
 p - an amulet of regeneration (around neck)
 y - a +6 ring of dexterity
 B - a +6 ring of dexterity
 E - a +6 ring of strength (left hand)
 F - a cursed +6 ring of strength (right hand)
 H - the amulet "Fuseuh" {Gourm rElec rPois- Str+3 SInv}
   (You found it in the Dungeon)

   [amulet of the gourmand]

   It allows you to eat raw meat even when not hungry.
   It affects your strength (+3).
   It insulates you from electricity.
   It makes you vulnerable to poison.
   It enhances your eyesight.
Magical devices
 I - a wand of disintegration (7)
 J - a wand of fire (5)
 K - a wand of cold (5)
 L - a wand of draining (5)
Scrolls
 k - 4 scrolls of blinking
 r - 4 scrolls of amnesia
 s - 3 scrolls of recharging
 t - 7 scrolls of fog
 u - a scroll of holy word
 v - 5 scrolls of identify
 w - 4 scrolls of remove curse
 x - 2 scrolls of fear
 C - a scroll of brand weapon
Potions
 e - 5 potions of might
 f - 8 potions of curing
 g - 3 potions of heal wounds
 h - 4 potions of haste
 i - 7 potions of magic
 j - 3 potions of berserk rage
 l - 2 potions of brilliance
 m - 2 potions of invisibility
 n - 2 potions of restore abilities
 o - 4 potions of resistance
 q - 5 potions of agility
Books
 c - a manual of Bows
 Z - a manual of Short Blades
Miscellaneous
 b - a lamp of fire (inert)
 D - a stone of tremors
 G - a disc of storms
 M - a phial of floods (inert)
 R - a lantern of shadows
 V - a sack of spiders
 Y - a box of beasts
Comestibles
 d - 5 meat rations
 z - 42 fruits
 A - 4 bread rations


   Skills:
 - Level 16.1(15.6) Fighting
 O Level 27(26.4) Axes
 + Level 6.7(6.3) Armour
 - Level 3.2(2.9) Shields


You had 10 spell levels left.
You didn't know any spells.

Dungeon Overview and Level Annotations

Branches:
Dungeon (1/1)

Altars:
Ashenzari
Cheibriados
Dithmenos
Elyvilon
Fedhas
Gozag
Kikubaaqudgha
Makhleb
Nemelex Xobeh
Okawaru
Qazlal
Ru
Sif Muna
Trog
Vehumet
Xom
Yredelemnul
Zin
The Shining One
Beogh
Jiyva
Lugonu


Message History

* * * LOW HITPOINT WARNING * * *
The shadow barely misses you. The guardian mummy hits you!
* * * LOW HITPOINT WARNING * * *
The wight closely misses your orange demon.
The ushabti closely misses you.
Drink which item? (? for menu, Esc to quit)
You feel much better.
You are engulfed in negative energy.
You feel drained.
* * * LOW HITPOINT WARNING * * *
The greater mummy gestures wildly while chanting.
The shadow hits you.
* * * LOW HITPOINT WARNING * * *
Your orange demon stings the guardian mummy but does no damage.
The greater mummy casts a spell.
Send 'em back where they came from!
Your orange demon shudders.
The wight hits your orange demon but does no damage.
The guardian mummy hits you!
* * * LOW HITPOINT WARNING * * *
The chaos spawn barely misses you. The ushabti hits you!
You die...

.8©8 ▓...8©83..▓
▓...:[}:..▓..=[[[4..▓
▓..}[})...▓...}..4..▓
▓..s.....≈▓.........▓
▓.........▓.........▓
▓..≈M≈....▓..)......▓
▓..sMMMM..▓.))).....▓
▓..W.8z...▓.▓.)...▓.▓
▓.MM@4....▓.((......▓
▓..3......▓▓▓▓▓▓▓▓▓▓▓
▓▓▓▓▓▓▓▓▓▓▓


You could see 2 greater mummies, 2 emperor scorpions, 2 guardian mummies, an
ushabti, a chaos spawn, a shadow, 3 mummies, a wight and a friendly orange
demon.

Vanquished Creatures
  A deep elf demonologist (D)
  A hell hog (D)
  5 deep elf knights (D)
  A shadow wraith (D)
  A death scarab (D)
  A deep elf conjurer (D)
  An efreet (D)
  2 fire drakes (D)
  7 merfolk (D)
  A fire vortex (D)
  2 air elementals (D)
  A spriggan (D)
  A tarantella (D)
  2 deep elf magi (D)
  A fire elemental (D)
  3 insubstantial wisps (D)
  2 wolves (D)
  An ice beast (D)
  2 black bears (D)
  2 hell hounds (D)
  2 giant frogs (D)
  A scorpion (D)
  A hell rat (D)
  2 iguanas (D)
  2 sheep (D)
  A mummy (D)
  2 giant mites (D)
  A white imp (D)
  An ufetubus (D)
  A spectral adder (D)
  An adder zombie (D)
  A bat skeleton (D)
  A fungus (D)
55 creatures vanquished.

Vanquished Creatures (collateral kills)
  A deep elf summoner (D)
  A wind drake (D)
  2 merfolk (D)
  A black bear (D)
  A sheep (D)
6 creatures vanquished.

Vanquished Creatures (others)
  A fire elemental (D)
1 creature vanquished.

Grand Total: 62 creatures vanquished

Notes
Turn   | Place    | Note
--------------------------------------------------------------
     0 | D        | Monkaria, the Hill Orc Fighter, began the quest for the Orb.
     0 | D        | Reached XP level 1. HP: 19/19 MP: 1/1
     0 | D        | Found a viscous altar of Jiyva.
     0 | D        | Found a corrupted altar of Lugonu.
     0 | D        | Found a white marble altar of Elyvilon.
     1 | D        | Found a burning altar of Makhleb.
     1 | D        | Found an iron altar of Okawaru.
     3 | D        | Found a sparkling altar of Nemelex Xobeh.
     3 | D        | Found a basalt altar of Yredelemnul.
     3 | D        | Found a deep blue altar of Sif Muna.
     3 | D        | Found a radiant altar of Vehumet.
     7 | D        | Found a bloodstained altar of Trog.
    23 | D        | Found a shimmering altar of Xom.
   150 | D        | Reached skill level 6 in Fighting
   150 | D        | Reached skill level 8 in Axes
   150 | D        | Reached XP level 2. HP: 23/30 MP: 2/2
   223 | D        | Entered arena 1.
   223 | D        | Noticed a deep elf knight
   223 | D        | Noticed a deep elf summoner
   224 | D        | Noticed a tarantella
   224 | D        | Noticed a tarantella
   224 | D        | Noticed a jumping spider
   226 | D        | Noticed a tarantella
   232 | D        | Killed a tarantella
   232 | D        | Killed a deep elf summoner
   232 | D        | Reached skill level 10 in Fighting
   232 | D        | Reached skill level 14 in Axes
   232 | D        | Reached XP level 3. HP: 24/46 MP: 3/3
   232 | D        | Reached XP level 4. HP: 27/52 MP: 4/4
   232 | D        | Reached XP level 5. HP: 30/59 MP: 5/5
   232 | D        | Reached XP level 6. HP: 34/67 MP: 6/6
   233 | D        | Noticed a redback
   238 | D        | Killed a deep elf knight
   238 | D        | Reached skill level 17 in Axes
   238 | D        | Reached XP level 7. HP: 42/77 MP: 7/7
   238 | D        | Reached XP level 8. HP: 45/83 MP: 8/8
   416 | D        | Entered arena 2.
   416 | D        | Noticed a scorpion
   419 | D        | Killed a scorpion
   426 | D        | Got the cursed ring "Lohegoo" {+Fly rPois+ AC-3 Str+2 Int-2 Dex-5}
   432 | D        | Entered arena 3.
   432 | D        | Noticed an iguana
   432 | D        | Noticed an iguana
   432 | D        | Noticed a giant frog
   432 | D        | Noticed a giant frog
   434 | D        | Killed a giant frog
   435 | D        | Killed a giant frog
   437 | D        | Killed an iguana
   437 | D        | Killed an iguana
   444 | D        | Entered arena 4.
   452 | D        | Reached skill level 18 in Axes
   463 | D        | Entered arena 5.
   463 | D        | Noticed a merfolk
   463 | D        | Noticed a merfolk
   463 | D        | Noticed a merfolk
   463 | D        | Noticed a merfolk
   463 | D        | Noticed a merfolk
   467 | D        | Killed a merfolk
   472 | D        | Killed a merfolk
   472 | D        | Reached skill level 19 in Axes
   472 | D        | Killed a merfolk
   472 | D        | Reached XP level 9. HP: 36/94 MP: 9/9
   473 | D        | Killed a merfolk
   475 | D        | Killed a merfolk
   475 | D        | Reached skill level 20 in Axes
   576 | D        | Entered arena 6.
   576 | D        | Noticed an air elemental
   576 | D        | Noticed an insubstantial wisp
   576 | D        | Noticed an air elemental
   576 | D        | Noticed a wind drake
   576 | D        | Noticed an insubstantial wisp
   576 | D        | Noticed an insubstantial wisp
   579 | D        | Killed an insubstantial wisp
   579 | D        | Killed an air elemental
   583 | D        | Killed an air elemental
   585 | D        | Killed an insubstantial wisp
   585 | D        | Reached skill level 21 in Axes
   586 | D        | Killed a wind drake
   586 | D        | Reached skill level 15 in Fighting
   593 | D        | Killed an insubstantial wisp
   620 | D        | Entered arena 7.
   620 | D        | Noticed a wolf
   620 | D        | Noticed a black bear
   620 | D        | Noticed a spriggan
   620 | D        | Noticed a black bear
   620 | D        | Noticed a black bear
   621 | D        | Noticed a wolf
   622 | D        | Killed a wolf
   623 | D        | Killed a spriggan
   623 | D        | Reached XP level 10. HP: 105/105 MP: 10/10
   624 | D        | Killed a black bear
   624 | D        | Killed a black bear
   626 | D        | Killed a wolf
   628 | D        | Killed a black bear
   667 | D        | Entered arena 8.
   667 | D        | Noticed a merfolk
   667 | D        | Noticed a merfolk
   667 | D        | Noticed a merfolk
   667 | D        | Noticed a merfolk
   676 | D        | Killed a merfolk
   676 | D        | Reached skill level 22 in Axes
   676 | D        | Killed a merfolk
   678 | D        | Killed a merfolk
   679 | D        | Killed a merfolk
   757 | D        | Entered arena 9.
   757 | D        | Noticed a fire drake
   757 | D        | Noticed an efreet
   757 | D        | Noticed a hell hound
   757 | D        | Noticed a fire drake
   757 | D        | Noticed a hell hound
   757 | D        | Noticed a fire elemental
   757 | D        | Noticed a hell hog
   757 | D        | Noticed a fire vortex
   760 | D        | Killed a hell hound
   765 | D        | Killed a fire elemental
   765 | D        | Killed a fire drake
   765 | D        | Reached skill level 23 in Axes
   766 | D        | Killed a hell hog
   766 | D        | Killed a fire drake
   766 | D        | Reached skill level 24 in Axes
   769 | D        | Killed a hell hound
   770 | D        | Killed an efreet
   777 | D        | Killed a fire vortex
   824 | D        | Got the amulet "Fuseuh" {Gourm rElec rPois- Str+3 SInv}
  1004 | D        | Entered arena 10.
  1004 | D        | Noticed a deep elf knight
  1004 | D        | Noticed a deep elf knight
  1004 | D        | Noticed a deep elf mage
  1004 | D        | Noticed a deep elf knight
  1004 | D        | Noticed a deep elf knight
  1004 | D        | Noticed a deep elf mage
  1004 | D        | Noticed a deep elf conjurer
  1004 | D        | Noticed a deep elf demonologist
  1008 | D        | Noticed an ice devil
  1008 | D        | Noticed a sun demon
  1011 | D        | Killed a deep elf demonologist
  1011 | D        | Reached skill level 25 in Axes
  1011 | D        | Reached XP level 11. HP: 94/114 MP: 11/11
  1012 | D        | Killed a deep elf knight
  1013 | D        | Killed a deep elf knight
  1013 | D        | Reached skill level 26 in Axes
  1014 | D        | Killed a deep elf conjurer
  1015 | D        | Killed a deep elf mage
  1017 | D        | Killed a deep elf mage
  1017 | D        | Killed a deep elf knight
  1019 | D        | Killed a deep elf knight
  1019 | D        | Reached skill level 27 in Axes
  1019 | D        | Reached skill level 5 in Armour
  1065 | D        | Entered arena 11.
  1065 | D        | Noticed an ushabti
  1065 | D        | Noticed a guardian mummy
  1065 | D        | Noticed a death scarab
  1065 | D        | Noticed a greater mummy
  1066 | D        | Noticed a guardian mummy
  1067 | D        | Noticed a greater mummy
  1070 | D        | Noticed a shadow wraith
  1073 | D        | Noticed an emperor scorpion
  1073 | D        | Killed a death scarab
  1075 | D        | Killed a shadow wraith
  1076 | D        | HP: 2/114 [guardian mummy (15)]
  1076 | D        | Mangled by an ushabti

Action                   |  1- 3 |  4- 6 |  7- 9 | 10-12 || total
-------------------------+-------+-------+-------+-------++-------
Melee: Broad axe         |     3 |     5 |    29 |    38 ||    75
Evoke: Lamp of fire (ine |       |       |       |     1 ||     1
       Disc of storms    |       |       |       |     1 ||     1
       Phial of floods ( |       |       |       |     1 ||     1
  Use: Potion            |     6 |     1 |     2 |     4 ||    13
       Scroll            |     1 |       |       |     1 ||     2
  Eat: Chunk             |       |       |       |     3 ||     3
